 Dungeon Crawl Stone Soup version 0.28-a0-1087-gf3fc490d9d (webtiles) character file.

Game seed: 16890679073153384429

131 fragbeetle the Insei (level 5, -9/39 HPs)
             Began as a Merfolk Transmuter on Dec 11, 2021.
             Killed by divine providence
             ... invoked by an orc priest
              (13 damage)
             ... on level 3 of the Dungeon.
             The game lasted 00:07:01 (3393 turns).

fragbeetle the Insei (Merfolk Transmuter)           Turns: 3393, Time: 00:07:02

Health: -9/39      AC:  3    Str: 13    XL:     5   Next: 14%
Magic:  3/8        EV: 13    Int: 12    God:
Gold:   132        SH:  0    Dex: 14    Spells: 5/9 levels left

rFire   . . .      SeeInvis .     - Unarmed
rCold   . . .      Faith    .   (no shield)
rNeg    . . .      Spirit   .   a - +0 robe
rPois   .          Reflect  .   (helmet currently unavailable)
rElec   .          Harm     .   (no cloak)
rCorr   .          Rampage  .   b - +0 pair of gloves
Will    .....                   (boots currently unavailable)
Stlth   +.........              (no amulet)
HPRegen 0.13/turn               (no ring)
MPRegen 0.11/turn               (no ring)

@: appendages
A: horns 2, (nimble swimmer 2), mertail
a: End Transformation


You were on level 3 of the Dungeon.
You had temporarily grown beastly horns.
You visited 1 branch of the dungeon, and saw 4 of its levels.

You collected 132 gold pieces.

Inventory:

Hand Weapons
 c - a +1 spear of venom
Armour
 a - a +0 robe (worn)
 b - a +0 pair of gloves (worn)
Wands
 i - a wand of flame (25)
Scrolls
 d - 4 scrolls of identify {unknown}
 g - a scroll of fear {unknown}
Potions
 e - a potion of haste
 f - a potion of heal wounds {unknown}
 h - a potion of attraction {unknown}


   Skills:
 * Level 2.4 Fighting
 * Level 3.5 Dodging
 - Level 0.2 Stealth
 + Level 4.2 Unarmed Combat
 + Level 2.5 Spellcasting
 * Level 4.1 Transmutations


You had 5 spell levels left.
You knew the following spells:

 Your Spells              Type           Power      Damage    Failure   Level
a - Beastly Appendage     Tmut           22%        N/A       4%          1
b - Spider Form           Tmut/Pois      6%         N/A       32%         3

Your spell library contained the following spells:

 Spells                   Type           Power      Damage    Failure   Level
 Wereblood                Tmut           11%        N/A       7%          2
 Pain                     Necr           4%         1d4       26%         1
 Dazzling Flash           Conj/Hex       2%         N/A       61%         3
 Ice Form                 Ice/Tmut       6%         N/A       73%         4
 Agony                    Necr           1%         N/A       100%        5
 Silence                  Hex/Air        0%         N/A       100%        5


Dungeon Overview and Level Annotations

Branches:
Dungeon (4/15)
 Temple: D:4-7

Altars:


Innate Abilities, Weirdness & Mutations

You have temporarily grown beastly horns.
((You are quick and stealthy near water. (Stealth+, EV+, Speed+++)))
Your lower body shifts to a powerful aquatic tail in water.


Message History

Confirm with . or Enter, or press ? or * to list all spells.
The spell is quite dangerous to miscast (32% risk of failure)!
Continue anyway?
You miscast Spider Form.
You are very lightly contaminated with residual magic.
Nothing appears to happen.
The orc priest hits you with a +0 war axe!
Casting: Spider Form (quite dangerous; 32% risk of failure)
Confirm with . or Enter, or press ? or * to list all spells.
You grow a pair of large bovine horns.
The orc priest mumbles some strange prayers to Beogh against you.
Beogh smites you!
You closely miss the orc priest. Your headbutt misses the orc priest.
The orc priest invokes the aid of Beogh against you.
Pain shoots through your body!
You barely miss the orc priest. You headbutt the orc priest.
The orc priest is lightly wounded.
The orc priest closely misses you.
You hit the orc priest but do no damage.
The orc priest is lightly wounded.
The orc priest hits you with a +0 war axe.
* * * LOW HITPOINT WARNING * * *
You hit the orc priest. You headbutt the orc priest.
The orc priest is severely wounded.
The orc priest looks encouraged for a moment.
You hit the orc priest but do no damage.
The orc priest is severely wounded.
The orc priest looks satisfied for a moment.
You hit the orc priest.
The orc priest is almost dead.
The orc priest hits you with a +0 war axe!
* * * LOW HITPOINT WARNING * * *
You barely miss the orc priest. Your headbutt misses the orc priest.
The orc priest is almost dead.
The orc priest looks satisfied for a moment.
Your magical contamination has completely faded away.
You hit the orc priest but do no damage.
The orc priest is almost dead.
The orc priest calls down the wrath of Beogh upon you.
Beogh smites you!
You die...

..)..........# .# .#####.......#
#.# #### .# #.......# #.# #... .#
#.......# #.# ########...
.#####.......###.######..........
......................+..o...>...
.#####.####......#$####..........
.# #.# ##.##.........#####.... .#
#.# #.##.@..####.# ##S.# .# #.#
#.##)o.......# #>.# .# #.#
#.#....####### #..# .#####+###
#.#.#......... #..# .........#
#.#.#.[.###### .#.. .........#
#.#.#..... . .. .........#
#.#....≈.. #. #. .....(...#
#......... #. . ....)....#
#......o.. #. .


You could see an orc priest.

Vanquished Creatures
  2 orc wizards (D:3)
  An adder (D:3)
  2 worms
  A dart slug (D:3)
  An orc (D:3)
  5 bats
  5 endoplasms
  A giant cockroach (D:3)
  4 goblins
  3 hobgoblins
  14 jackals
  A quokka (D:1)
  7 ball pythons
  2 frilled lizards (D:2)
  5 kobolds
  4 rats
58 creatures vanquished.

Notes
Turn   | Place    | Note
-------+----------+-------------------------------------------
     0 | D:1      | fragbeetle the Merfolk Transmuter began the quest for the
                  | Orb.
     0 | D:1      | Reached XP level 1. HP: 15/15 MP: 3/3
   382 | D:1      | Reached XP level 2. HP: 21/21 MP: 3/5
  1194 | D:2      | Reached XP level 3. HP: 26/26 MP: 4/6
  1201 | D:2      | Learned a level 3 spell: Spider Form
  1354 | D:2      | Found a faded altar of an unknown god.
  1362 | D:2      | Got Plato's Volume of Darkness
  2513 | D:3      | Reached XP level 4. HP: 28/33 MP: 5/7
  3210 | D:3      | Reached XP level 5. HP: 30/39 MP: 4/8
  3393 | D:3      | Killed from afar by an orc priest

Illustrated notes

Levels and vault maps discovered:
D:1:      scummos_arrival_simple_crosswalls, layout_loops_cross,
          minmay_pentomino_q2
D:2:      layout_loops_corners, shapermc_ecumenical_altar_rom_forum
D:3:      cheibrodos_pilgrimage, layout_basic, palyth_temple_overflow_mages
D:4:      layout_basic, minmay_temple_entry_sparse_star

Skill      XL: |  1  2  3  4 |
---------------+-------------+-----
Dodging        | 3 |  3.5
Transmutations | 3 4 |  4.1
Fighting       | 2 |  2.4
Unarmed Combat | 4 |  4.2
Stealth        | |  0.2
Spellcasting   | |  2.5

Action                   |  1- 3 |  4- 6 || total
-------------------------+-------+-------++-------
Melee: Unarmed           |   150 |    70 ||   220
       Headbutt          |    23 |     5 ||    28
       Punch             |     1 |       ||     1
 Cast: Beastly Appendage |    30 |     7 ||    37
       Spider Form       |       |     3 ||     3
  Use: Potion            |       |     1 ||     1
 Stab: Sleeping          |     2 |       ||     2
Armor: Robe              |    26 |    10 ||    36
       Skin              |       |     1 ||     1
Dodge: Dodged            |    80 |    59 ||   139

Table legend: (Time is in decaauts)
 A = Elapsed time spent in this place.
 B = Non-inter-level travel time spent in this place.
 C = Inter-level travel time spent in this place.
 D = Time resting spent in this place.
 E = Time spent auto-exploring this place.
 F = Levels seen in this place.
 G = Mean time per level.
                   A        B        C        D        E       F      G
               +--------+--------+--------+--------+--------+-----+--------+
         Total |   3360 |   3315 |     45 |    973 |   1693 |   4 |  840.0 |
       Dungeon |   3360 |   3315 |     45 |    973 |   1693 |   4 |  840.0 |
               +--------+--------+--------+--------+--------+-----+--------+

Top non-repeatable levels by time:
     D:2: 1558 daAuts
     D:1: 1049 daAuts
     D:3: 728 daAuts
     D:4: 24 daAuts
